Map: Rainfall LE

Players

Wallace - Winner!

  • Race: Zerg Zerg
  • League: Grandmaster
  • Spawn Location: 11:00

RipNHammer

  • Race: Terran Terran
  • League: Master
  • Spawn Location: 5:00

VOD

Have the link to the VOD?

Description

Time

  • Played on: Sept. 6, 2026, 11:39 a.m.
  • Length: 22:46
Show
View Real Time Build Order
Export as new Build Order

Wallace Zerg - Winner!

Build Orders: Hatch First 

Get SALT Encoding   

  8  0:00  Drone  
  9  0:11  Drone  
  10  0:16  Drone  
  11  0:21  Drone  
  12  0:33  Overlord  
  12  0:52  Drone x3  
  15  1:11  Hatchery  
  15  1:14  Drone  
  15  1:18  Drone  
  16  1:23  Drone  
  17  1:36  Spawning Pool  
  17  1:39  Drone  
  17  1:40  Extractor  
  17  1:45  Drone  
  17  1:51  Drone  
  18  2:01  Drone  
  19  2:13  Overlord  
  20  2:22  Drone  
  20  2:24  Queen x2  
  24  2:32  Zergling x4  
  24  2:35  Drone  
  27  2:41  Drone  
  28  2:46  Metabolic Boost  
  28  2:47  Drone  
  29  3:02  Drone  
  29  3:03  Drone x2  
  32  3:07  Overlord  
  32  3:15  Hatchery  
  32  3:17  Drone  
  32  3:21  Overlord  
  32  3:29  Drone  
  32  3:30  Drone  
  32  3:31  Drone  
  35  3:35  Drone  
  36  3:45  Drone x3  
  36  3:46  Queen  
  42  3:48  Drone x2  
  42  3:53  Queen  
  45  3:57  Overlord  
  45  4:03  Zergling x4  
  45  4:04  Zergling x2  
  45  4:09  Overlord  
  48  4:17  Zergling x2  
  48  4:19  Zergling x4  
  48  4:22  Drone x2  
  53  4:26  Drone  
  53  4:27  Queen  
  53  4:29  Queen  
  53  4:31  Drone  
  59  4:35  Drone x2  
  59  4:38  Drone  
  62  4:42  Drone x2  
  64  4:49  Overlord  
  64  4:50  Drone  
  64  4:52  Drone x3  
  68  4:54  Overlord  
  68  4:55  Overlord  
  68  5:01  Overlord  
  68  5:08  Overlord  
  68  5:11  Lair  
  68  5:19  Hatchery, Drone x2  
  68  5:20  Drone  
  70  5:22  Drone  
  70  5:24  Drone  
  70  5:25  Spore Crawler  
  70  5:26  Spore Crawler  
  68  5:28  Drone  
  68  5:29  Drone  
  68  5:30  Drone, Spore Crawler  
  68  5:31  Drone  
  71  5:42  Extractor  
  70  5:43  Extractor  
  70  5:45  Drone x3  
  70  5:46  Drone  
  70  5:47  Drone x4, Evolution Chamber  
  70  5:48  Drone, Evolution Chamber  
  70  5:49  Drone  
  77  5:56  Drone, Extractor  
  77  5:57  Drone x3  
  77  6:00  Extractor  
  77  6:01  Drone x2  
  77  6:02  Drone x2  
  77  6:03  Drone, Extractor  
  83  6:04  Drone  
  83  6:08  Drone  
  83  6:11  Drone  
  86  6:14  Zergling x2  
  87  6:25  Zerg Melee Weapons Level 1  
  87  6:26  Zerg Ground Armor Level 1  
  87  6:27  Drone  
  87  6:28  Drone x4, Baneling Nest  
  87  6:29  Drone  
  87  6:31  Overlord  
  92  6:34  Drone x4  
  92  6:37  Overlord x2  
  92  6:38  Overlord x2  
  96  6:45  Overlord  
  96  6:53  Overlord x2  
  95  7:03  Zergling x6  
  95  7:06  Spore Crawler  
  97  7:09  Zergling x10  
  97  7:10  Zergling x14  
  97  7:11  Zergling x2  
  110  7:17  Overlord  
  110  7:22  Spore Crawler  
  104  7:26  Overseer  
  104  7:27  Drone  
  104  7:28  Drone x2  
  104  7:29  Drone x2  
  109  7:30  Drone  
  109  7:32  Drone x2  
  109  7:33  Hydralisk Den  
  109  7:34  Infestation Pit  
  106  7:51  Drone x2  
  107  7:53  Drone x3  
  107  7:54  Drone x5  
  107  7:58  Extractor, Drone  
  115  7:59  Drone x4  
  115  8:00  Extractor, Drone x3  
  115  8:01  Spore Crawler  
  115  8:03  Grooved Spines  
  121  8:06  Spore Crawler  
  121  8:09  Evolution Chamber  
  121  8:12  Spore Crawler  
  121  8:17  Infestor x3  
  121  8:19  Hydralisk x4, Centrifugal Hooks  
  131  8:24  Evolution Chamber  
  131  8:26  Roach Warren  
  124  8:29  Zergling x16  
  124  8:32  Zergling x2  
  119  8:35  Evolution Chamber  
  115  8:44  Zergling x12  
  115  8:48  Overseer  
  123  8:50  Zerg Melee Weapons Level 2  
  123  8:53  Zerg Missile Weapons Level 1  
  123  8:55  Muscular Augments  
  123  8:57  Hive  
  123  8:58  Drone  
  123  8:59  Queen  
  123  9:01  Drone x4  
  130  9:05  Baneling x2  
  130  9:06  Baneling  
  128  9:26  Drone  
  128  9:28  Drone  
  130  9:33  Drone  
  130  9:49  Zergling x10  
  130  9:50  Zergling x22  
  146  9:53  Baneling  
  146  9:54  Baneling x11  
  142  10:01  Infestor x2, Hydralisk  
  142  10:02  Hydralisk  
  142  10:04  Overlord x5  
  152  10:08  Adrenal Glands  
  152  10:09  Ultralisk Cavern  
  150  10:14  Overlord x2  
  118  10:30  Zergling x10  
  118  10:31  Zergling x4  
  118  10:40  Zergling x12  
  118  10:52  Zergling x2  
  118  10:53  Zergling x12  
  123  11:05  Ultralisk  
  123  11:06  Ultralisk x4  
  123  11:09  Chitinous Plating, Hatchery  
  123  11:10  Hydralisk  
  154  11:12  Hatchery  
  154  11:13  Hydralisk x2  
  154  11:14  Zerg Melee Weapons Level 3  
  154  11:15  Unknown  
  154  11:16  Zerg Missile Weapons Level 2  
  157  11:24  Hydralisk x3  
  163  11:29  Hydralisk x4  
  163  11:32  Hatchery  
  160  11:40  Evolution Chamber  
  160  11:42  Evolution Chamber  
  137  11:49  Ultralisk x2  
  137  11:50  Zergling x2  
  137  11:51  Zergling x10  
  127  11:55  Hydralisk  
  127  11:58  Zergling x4  
  127  12:00  Zergling x4  
  135  12:02  Zergling x2  
  122  12:17  Drone x3  
  122  12:18  Drone x2  
  122  12:19  Drone  
  122  12:20  Drone x2  
  125  12:33  Zergling x16  
  125  12:34  Zergling x6  
  130  12:45  Drone x7  
  130  12:48  Hatchery  
  133  13:00  Extractor, Ultralisk x2  
  133  13:02  Zergling x6  
  133  13:03  Zergling x4  
  133  13:04  Zergling x2  
  133  13:05  Zergling x2  
  151  13:06  Zergling x2  
  151  13:08  Zergling x2  
  153  13:18  Zergling x2  
  144  13:25  Ultralisk  
  144  13:26  Ultralisk  
  133  13:29  Ultralisk  
  131  13:36  Drone x3  
  131  13:37  Drone x2  
  131  13:38  Drone  
  131  13:39  Drone  
  138  13:53  Infestor x2  
  138  13:54  Hydralisk x4  
  150  14:00  Zerg Missile Weapons Level 3  
  150  14:10  Spine Crawler x2  
  150  14:16  Spine Crawler  
  147  14:18  Spine Crawler x2  
  147  14:20  Spine Crawler, Drone x2  
  147  14:21  Drone  
  147  14:22  Spine Crawler  
  147  14:23  Drone  
  147  14:26  Anabolic Synthesis  
  147  14:29  Hydralisk  
  149  14:32  Drone  
  149  14:33  Drone x2  
  149  14:34  Drone  
  149  14:37  Drone x3  
  156  14:39  Drone  
  156  14:41  Drone  
  156  14:44  Burrow  
  158  14:46  Zerg Ground Armor Level 2  
  158  14:47  Drone  
  158  14:49  Drone  
  158  14:50  Drone  
  158  14:51  Drone  
  158  14:52  Drone  
  163  14:58  Drone x5  
  163  14:59  Drone x2  
  170  15:13  Extractor  
  170  15:14  Extractor  
  168  15:19  Drone x3  
  171  15:22  Spine Crawler  
  171  15:23  Spine Crawler  
  169  15:28  Spine Crawler  
  169  15:29  Hydralisk  
  169  15:30  Hydralisk x6  
  169  15:31  Zergling x2  
  169  15:32  Zergling x4  
  184  15:42  Overlord x8  
  174  16:09  Ultralisk x5  
  174  16:10  Zergling x4  
  174  16:11  Zergling x4  
  191  16:28  Hydralisk x8  
  191  16:29  Hydralisk  
  185  16:35  Zergling x14  
  185  16:36  Zergling x2  
  185  16:39  Zergling x2  
  174  16:42  Ultralisk  
  174  16:46  Ultralisk  
  172  17:04  Infestor x4  
  172  17:07  Baneling x14  
  172  17:08  Baneling x12  
  180  17:09  Zergling x10  
  180  17:12  Zergling x2  
  180  17:13  Zergling x4  
  188  17:15  Zergling x4  
  188  17:16  Zergling x2  
  188  17:18  Zergling x4  
  188  17:20  Zergling x6  
  188  17:22  Zergling x4  
  198  17:23  Zergling x2  
  198  17:25  Zergling x2  
  181  17:52  Drone x3  
  181  17:56  Drone x4  
  181  17:57  Drone x3  
  191  18:01  Zergling x2  
  191  18:02  Zergling x14  
  199  18:20  Overlord  
  198  18:35  Hatchery  
  198  18:38  Hydralisk  
  181  18:46  Hydralisk  
  181  18:47  Hydralisk  
  164  18:48  Zergling x6  
  164  18:49  Zergling x20  
  164  18:54  Hydralisk x9  
  164  18:55  Hydralisk x2  
  170  18:56  Zergling x4  
  170  18:57  Zergling x8  
  164  19:04  Hydralisk x5  
  164  19:08  Zergling x10  
  163  19:11  Zerg Ground Armor Level 3  
  163  19:19  Extractor  
  163  19:20  Extractor  
  161  19:25  Spine Crawler  
  161  19:26  Spine Crawler x2  
  161  19:27  Spine Crawler  
  161  19:29  Drone  
  158  19:33  Ultralisk x4  
  158  19:36  Baneling x13  
  182  19:38  Baneling  
  182  19:39  Baneling x3  
  182  19:42  Baneling  
  182  19:43  Baneling x6  
  182  19:48  Ultralisk  
  182  19:51  Infestor  
  165  20:00  Zergling x2  
  165  20:05  Infestor x2  
  165  20:06  Ultralisk x2  
  168  20:09  Infestor x2  
  168  20:13  Zergling x6  
  175  20:15  Zergling x4  
  175  20:20  Zergling x10  
  178  20:32  Zergling x4  
  175  20:39  Zergling x16  
  169  20:55  Ultralisk  
  169  20:56  Ultralisk x3, Hydralisk  
  181  21:00  Zergling x8  
  181  21:03  Hydralisk  
  189  21:04  Hydralisk  
  189  21:06  Infestor  
  191  21:14  Zergling x6  
  191  21:15  Zergling x4  
  183  21:32  Drone, Ultralisk  
  175  21:33  Zergling x20  
  175  21:37  Zergling x2  
  162  21:41  Ultralisk  
  158  21:49  Hydralisk x4  
  163  22:03  Infestor x2  
  163  22:04  Hydralisk x4  
  175  22:09  Hydralisk  
  175  22:10  Hydralisk  
  179  22:18  Baneling x14  
  179  22:19  Baneling  
Show
View Real Time Build Order
Export as new Build Order

RipNHammer Terran 

Build Orders: Reaper Expand, Hellion Banshee, Mech 

Get SALT Encoding   

  8  0:00  SCV  
  9  0:15  SCV  
  10  0:27  SCV  
  11  0:38  Supply Depot  
  11  0:39  SCV  
  12  0:51  SCV  
  13  0:57  Refinery  
  13  1:01  Barracks  
  13  1:06  SCV  
  14  1:18  SCV  
  15  1:30  SCV  
  16  1:42  SCV  
  17  1:48  Reaper  
  18  1:54  Orbital Command  
  18  2:07  Command Center  
  18  2:19  SCV  
  19  2:24  Factory  
  19  2:32  Refinery  
  19  2:33  SCV  
  19  2:36  Barracks Reactor  
  20  2:44  Supply Depot  
  20  2:47  SCV  
  21  3:06  SCV  
  21  3:11  Starport  
  22  3:17  Hellion x2  
  22  3:18  SCV  
  27  3:26  Orbital Command  
  27  3:30  SCV  
  28  3:42  Hellion, SCV  
  28  3:45  Hellion  
  33  3:53  SCV  
  33  3:55  Viking  
  36  3:58  SCV  
  37  4:05  Hellion, SCV  
  40  4:10  Supply Depot  
  40  4:13  Barracks Tech Lab  
  40  4:14  SCV  
  41  4:17  SCV  
  42  4:28  Supply Depot  
  42  4:32  SCV  
  42  4:35  Hellion  
  42  4:36  SCV  
  46  4:39  Command Center  
  46  4:50  Banshee, Cloaking Field  
  49  4:53  SCV x2  
  51  5:05  SCV x2  
  53  5:08  Supply Depot  
  53  5:14  Hellion  
  53  5:17  SCV  
  53  5:18  SCV  
  57  5:22  Supply Depot  
  57  5:29  SCV  
  57  5:30  Hellion  
  57  5:33  Banshee  
  57  5:34  SCV  
  64  5:40  Hellion  
  66  5:44  SCV  
  66  5:45  Factory  
  66  5:46  SCV  
  66  5:47  Factory  
  66  5:49  Supply Depot  
  68  5:52  Orbital Command  
  68  5:56  Hellion  
  71  5:57  SCV  
  71  6:00  Refinery  
  71  6:03  Refinery  
  71  6:08  SCV  
  72  6:11  Factory, Hellion  
  74  6:23  Hellion  
  74  6:24  SCV, Orbital Command  
  77  6:25  SCV  
  77  6:28  Supply Depot  
  77  6:32  Engineering Bay  
  78  6:35  Factory Tech Lab  
  78  6:36  SCV  
  78  6:38  SCV  
  80  6:40  Factory  
  80  6:48  SCV  
  80  6:52  SCV x2  
  83  7:01  SCV  
  82  7:03  Cyclone x2  
  82  7:04  Factory Tech Lab, SCV  
  82  7:06  Refinery  
  90  7:08  SCV  
  90  7:09  Refinery  
  90  7:13  SCV  
  91  7:16  SCV  
  91  7:20  Hellion x2  
  96  7:30  Cyclone  
  96  7:31  SCV  
  96  7:34  Supply Depot  
  96  7:35  Cyclone  
  103  7:47  SCV, Hellion, Siege Tank, Factory Tech Lab  
  103  7:48  Supply Depot  
  103  7:49  Supply Depot  
  106  7:52  Mag-Field Accelerator, Infernal Pre-Igniter  
  106  7:58  SCV x2  
  108  7:59  Missile Turret  
  108  8:02  Missile Turret  
  108  8:11  Cyclone, Siege Tank  
  108  8:12  Hellion x2, SCV  
  119  8:13  SCV x2  
  121  8:22  Cyclone, Siege Tank  
  121  8:24  SCV  
  121  8:25  SCV x2  
  130  8:33  Hellion  
  120  8:39  Hellion  
  120  8:43  Cyclone, Siege Tank  
  126  8:50  SCV  
  126  8:51  SCV  
  126  8:54  Cyclone, Hellion, SCV  
  126  8:55  Armory  
  134  8:58  Supply Depot  
  134  9:04  Supply Depot  
  134  9:10  Siege Tank, Hellion  
  134  9:15  Cyclone, Siege Tank  
  134  9:16  Hellion  
  134  9:21  Armory  
  134  9:26  Cyclone  
  137  9:32  Hellion  
  137  9:36  SCV  
  137  9:37  SCV, Hellion  
  141  9:41  Supply Depot  
  141  9:42  Siege Tank  
  144  9:47  Cyclone  
  144  9:48  Siege Tank  
  150  10:02  Supply Depot, Terran Vehicle Weapons Level 1, Cyclone  
  150  10:03  SCV  
  150  10:04  SCV  
  150  10:05  Hellion  
  157  10:08  Command Center  
  157  10:09  Supply Depot  
  157  10:11  Supply Depot  
  157  10:12  Hellion  
  157  10:13  Missile Turret  
  159  10:14  Siege Tank  
  159  10:20  Cyclone  
  159  10:21  Factory, Siege Tank  
  165  10:22  Command Center  
  165  10:27  Hellion  
  146  10:34  Cyclone  
  143  10:37  Hellion  
  143  10:38  SCV  
  143  10:40  Terran Vehicle And Ship Armor Level 1  
  146  10:47  Siege Tank  
  146  10:49  Hellion  
  145  10:52  Cyclone  
  145  10:53  Siege Tank  
  148  10:57  SCV  
  148  10:58  SCV  
  148  10:59  Hellion  
  152  11:07  Cyclone  
  155  11:11  Factory  
  155  11:13  Factory Tech Lab  
  155  11:19  Siege Tank  
  155  11:24  Cyclone, Hellion  
  163  11:25  Cyclone  
  163  11:29  Hellion  
  163  11:32  Cyclone  
  168  11:39  Siege Tank  
  165  11:45  Hellion  
  167  11:51  Siege Tank  
  167  11:53  Hellion  
  161  11:56  Cyclone  
  161  11:58  Siege Tank  
  161  12:00  Hellion  
  144  12:04  Cyclone  
  147  12:11  Siege Tank  
  147  12:12  Hellion  
  144  12:18  Hellion  
  144  12:21  Hellion  
  144  12:22  Refinery  
  138  12:23  Siege Tank, Refinery  
  138  12:28  Cyclone  
  144  12:30  Siege Tank  
  144  12:33  Hellion  
  144  12:36  Hellion  
  130  12:37  Planetary Fortress  
  130  12:39  Hellion  
  130  12:43  Hellion, Cyclone  
  134  12:46  SCV  
  135  12:54  Hellion  
  135  12:55  Siege Tank  
  135  12:57  Cyclone  
  143  13:00  Hellion  
  143  13:01  Hellion  
  143  13:02  Cyclone  
  143  13:04  Hellion  
  152  13:06  Missile Turret  
  152  13:08  SCV x2  
  154  13:15  Siege Tank  
  146  13:27  Cyclone  
  146  13:28  SCV x2  
  146  13:31  Factory Tech Lab  
  148  13:39  Cyclone, Siege Tank, Hellion, Starport Reactor  
  148  13:40  SCV  
  157  13:43  Command Center  
  157  13:46  SCV  
  158  13:49  Missile Turret, Supply Depot  
  158  13:52  Missile Turret  
  158  13:54  SCV x2  
  158  13:55  Cyclone, Siege Tank, Hellion  
  168  14:01  Cyclone, Siege Tank  
  168  14:02  SCV  
  175  14:06  SCV  
  176  14:14  Planetary Fortress  
  176  14:22  Terran Vehicle Weapons Level 2  
  176  14:28  Supply Depot  
  176  14:30  Missile Turret  
  176  14:32  Sensor Tower  
  176  14:34  SCV  
  176  14:38  Terran Vehicle And Ship Armor Level 2  
  177  14:48  Missile Turret  
  177  14:55  Command Center  
  177  15:01  Thor x2  
  189  15:11  Liberator x2  
  195  15:15  Hellion  
  197  15:36  Siege Tank  
  200  15:45  Planetary Fortress  
  200  15:47  Factory  
  191  16:07  Cyclone, Siege Tank, Hellion  
  191  16:09  Cyclone, Siege Tank, Hellion  
  168  16:11  Cyclone, Siege Tank  
  168  16:13  Planetary Fortress  
  153  16:29  Hellion  
  153  16:31  Hellion  
  129  16:39  Cyclone, Siege Tank  
  132  16:41  Hellion x2  
  132  16:43  Cyclone, Hellion  
  133  16:50  Hellion  
  133  16:52  Hellion  
  137  17:02  Cyclone x2, Terran Vehicle Weapons Level 3  
  137  17:05  Hellion  
  145  17:11  Orbital Command, Liberator, Hellion  
  145  17:15  Factory Tech Lab  
  150  17:23  Refinery x2  
  150  17:27  Terran Vehicle And Ship Armor Level 3  
  146  17:45  Cyclone, Siege Tank  
  146  17:46  Hellion  
  146  17:49  Hellion  
  143  17:57  Cyclone, Siege Tank  
  143  17:58  Hellion  
  151  18:07  Supply Depot, Command Center  
  151  18:08  Cyclone, Hellion, SCV  
  157  18:17  Cyclone, Hellion, Siege Tank  
  165  18:26  Supply Depot  
  165  18:27  Missile Turret, Command Center  
  163  18:35  Supply Depot  
  148  18:43  Cyclone, Siege Tank, Hellion  
  133  18:53  Cyclone, Siege Tank, Hellion  
  114  19:00  Cyclone, Siege Tank  
  107  19:06  Cyclone, Hellion  
  112  19:12  SCV  
  112  19:15  Hellion  
  115  19:17  SCV  
  115  19:18  Cyclone, Siege Tank  
  122  19:25  Hellion x2  
  122  19:30  Hellion  
  128  19:33  Cyclone, Hellion  
  128  19:37  Hellion  
  128  19:38  Cyclone  
  138  19:46  Cyclone, Siege Tank  
  138  19:51  Hellion  
  127  20:03  Siege Tank  
  127  20:04  Hellion  
  121  20:07  Cyclone, Siege Tank  
  121  20:08  Hellion  
  121  20:10  Hellion  
  121  20:12  Hellion  
  133  20:19  Cyclone  
  133  20:20  Siege Tank  
  139  20:25  Hellion  
  138  20:29  Hellion  
  138  20:30  Refinery x2  
  138  20:31  Hellion  
  138  20:34  Liberator  
  126  20:54  Cyclone, Siege Tank  
  126  20:55  Hellion  
  98  20:57  Hellion  
  98  20:58  Hellion x3, SCV  
  66  21:33  Cyclone, Hellion x2  
  66  21:38  Cyclone, Hellion  
  70  21:43  Hellion x3  
  76  22:07  SCV  
  76  22:08  SCV  
  78  22:11  Hellion  
  78  22:27  SCV  
Tags
 
Add a new tag
Caveats
  • Supply blocks, unpowered buildings, or Contaminate may cause inaccurate times.
  • Supply counts are checked every 10 seconds.